[Event "Titled Tuesday Blitz August 08 Late 2023"]
[White "Grossboss19"]
[Black "Rodriguez Santiago, Jaime"]
[BlackFideId "3100898"]
[WhiteElo "2525"]
[BlackElo "2299"]
[Result "1-0"]
[Round "3"]
[TimeControl "180+1"]
[Date "2023.08.08"]
[WhiteClock "0:00:12"]
[BlackClock "0:00:00"]
[Board "121"]

1. Nf3 Nf6 2. b3 e6 3. Bb2 d5 4. e3 c5 5. c4 Nc6 6. cxd5 exd5 7. d4 cxd4 8. Nxd4 Bb4+ 9. Bc3 Bxc3+ 10. Nxc3 O-O 11. Be2 Qa5 12. Qd2 Nxd4 13. Qxd4 Ne4 14. b4 Qa3 15. Nxd5 Ng5 16. O-O Ne6 17. Qh4 Rd8 18. Rfd1 Bd7 19. Bg4 Ba4 20. Ne7+ Kf8 21. Rxd8+ Rxd8 22. Bxe6 Qd3 23. Bd5 f6 24. h3 Kxe7 25. Bxb7 Rd7 26. Qe4+ Qxe4 27. Bxe4 Rd2 28. Bxh7 Rb2 29. a3 Ke6 30. Be4 f5 31. Bf3 g5 32. g3 Ke5 33. h4 gxh4 34. gxh4 f4 35. Re1 Kf5 36. e4+ Kg6 37. e5 Re2 38. Rxe2 1-0


[Site "https://www.chess.com"]

[Event "Titled Tuesday Blitz August 08 Late 2023"]
[White "ElDivis"]
[Black "The_Straightforward_Rook"]
[WhiteElo "2524"]
[BlackElo "2279"]
[Result "1/2-1/2"]
[Round "3"]
[TimeControl "180+1"]
[Date "2023.08.08"]
[WhiteClock "0:00:05"]
[BlackClock "0:00:18"]
[Board "122"]

1. d4 Nf6 2. Nf3 e6 3. e3 b6 4. Bd3 Bb7 5. O-O d5 6. c4 Nbd7 7. Nc3 Be7 8. b3 O-O 9. Bb2 dxc4 10. bxc4 c5 11. d5 exd5 12. cxd5 Nxd5 13. Nxd5 Bxd5 14. Bxh7+ Kxh7 15. Qxd5 Nf6 16. Qf5+ Kg8 17. Ng5 Qd5 18. Qxd5 Nxd5 19. Ne4 Rfd8 20. Rfd1 Nb4 21. a3 Nd3 22. Bc3 f5 23. Ng3 g6 24. Rd2 Rd7 25. Rad1 Rad8 26. e4 f4 27. Ne2 Kf7 28. Nxf4 Nxf4 29. Rxd7 Rxd7 30. Rxd7 Ne2+ 31. Kf1 Nxc3 32. Rxa7 Nxe4 33. Rb7 c4 34. Rxb6 Bxa3 35. Rc6 Bb2 36. Ke2 c3 37. f3 Ng5 38. g3 Ne6 39. Kd3 Kf6 40. h4 Ke5 41. f4+ Kd5 42. Rc8 Nc5+ 43. Kc2 Ne4 44. g4 Nf2 45. h5 gxh5 46. gxh5 Ng4 47. Kd3 Ke6 48. Rc5 Kf6 49. Ke4 Nf2+ 50. Ke3 Ng4+ 51. Kf3 Nh6 52. Rc6+ Kg7 53. Ke4 Ng4 54. Kd3 Nf6 55. h6+ Kf7 56. f5 Ng4 57. Rc7+ Kg8 58. h7+ Kh8 59. Ke4 Nf6+ 60. Kd3 Nxh7 61. Rc8+ Kg7 62. Rc7+ Kg8 63. Rc8+ Kg7 64. Rc7+ Kh6 65. Rxc3 Bxc3 66. Kxc3 Kg5 67. f6 Kxf6 1/2-1/2


[Site "https://www.chess.com"]

[Event "Titled Tuesday Blitz August 08 Late 2023"]
[White "Loay, Sameer"]
[Black "Ward, Ieuan C"]
[WhiteFideId "8104239"]
[BlackFideId "406627"]
[WhiteElo "2521"]
[BlackElo "2262"]
[Result "1-0"]
[Round "3"]
[TimeControl "180+1"]
[Date "2023.08.08"]
[WhiteClock "0:02:06"]
[BlackClock "0:00:37"]
[Board "123"]

1. Nf3 e6 2. g3 Nf6 3. Bg2 d5 4. O-O Be7 5. d3 O-O 6. Nbd2 c5 7. e4 Nc6 8. Re1 Qc7 9. Nf1 b5 10. exd5 Nxd5 11. c4 bxc4 12. dxc4 Nf6 13. Bf4 e5 14. Nxe5 Rd8 15. Qa4 Nxe5 16. Bxe5 Qd7 17. Bc6 Qf5 18. Bxa8 Ng4 19. Bf4 g5 20. Rxe7 gxf4 21. Re8+ Rxe8 22. Qxe8+ Kg7 23. Qe4 Qh5 24. h4 fxg3 25. fxg3 Bf5 26. Qf3 Qg6 27. Re1 h5 28. Be4 Nh6 29. Bxf5 Nxf5 30. Re5 Nxh4 31. Qxh5 Qxg3+ 32. Nxg3 1-0


[Site "https://www.chess.com"]

[Event "Titled Tuesday Blitz August 08 Late 2023"]
[White "Josgar05"]
[Black "Ansh M Shah"]
[BlackFideId "25033379"]
[WhiteElo "2252"]
[BlackElo "2519"]
[Result "1/2-1/2"]
[Round "3"]
[TimeControl "180+1"]
[Date "2023.08.08"]
[WhiteClock "0:00:12"]
[BlackClock "0:00:07"]
[Board "124"]

1. Nf3 Nf6 2. g3 d5 3. Bg2 c5 4. O-O Nc6 5. d3 e5 6. Nbd2 Be7 7. e4 d4 8. Nc4 Qc7 9. a4 O-O 10. c3 Be6 11. cxd4 cxd4 12. b3 Nd7 13. Ng5 Bxg5 14. Bxg5 f6 15. Bc1 Rfc8 16. Ba3 b6 17. Rc1 Nc5 18. Qc2 Nd8 19. Rfd1 Qd7 20. Qb2 Rc7 21. Bf1 Rac8 22. a5 b5 23. Nd2 a6 24. Be2 Ncb7 25. b4 Rxc1 26. Rxc1 Rxc1+ 27. Qxc1 Qc6 28. Bd1 Qxc1 29. Bxc1 Nc6 30. Ba3 Nd6 31. Nb3 Nb7 32. Kf1 Kf7 33. f4 Ke7 34. h4 g6 35. fxe5 fxe5 36. Bc1 Kd6 37. Kg2 Nbd8 38. Bd2 Bc8 39. h5 Ne6 40. hxg6 hxg6 41. Nc1 Ncd8 42. Ne2 Nf7 43. Ng1 Neg5 44. Bb3 Ke7 45. Nf3 Nxf3 46. Kxf3 Kf6 47. g4 Ng5+ 48. Kg3 Ne6 49. Kf3 g5 50. Bxe6 Bxe6 51. Kg3 Bd7 52. Kf2 Bc6 53. Kg3 Bd7 54. Kf2 Be6 55. Kg3 Bd7 1/2-1/2


[Site "https://www.chess.com"]

[Event "Titled Tuesday Blitz August 08 Late 2023"]
[White "Krasteva, Beloslava"]
[Black "Glavina, Pablo"]
[WhiteFideId "2922029"]
[BlackFideId "100234"]
[WhiteElo "2252"]
[BlackElo "2518"]
[Result "0-1"]
[Round "3"]
[TimeControl "180+1"]
[Date "2023.08.08"]
[WhiteClock "0:00:15"]
[BlackClock "0:01:50"]
[Board "125"]

1. c4 e5 2. Nc3 Nf6 3. g3 Bb4 4. Bg2 Bxc3 5. bxc3 O-O 6. e4 c6 7. Ne2 d5 8. cxd5 cxd5 9. exd5 Nxd5 10. O-O Nc6 11. d4 Bg4 12. h3 Nxc3 13. Qd2 Bxe2 14. Re1 exd4 15. Rxe2 Nxe2+ 16. Qxe2 Re8 17. Qd1 Qa5 18. Bd2 Qf5 19. Rb1 Qd7 20. Rb5 Rad8 21. Qb3 b6 22. Rg5 Ne5 23. Bf4 Ng6 24. Bd2 Qe6 25. Bd5 Qf6 26. h4 Re2 0-1


[Site "https://www.chess.com"]

[Event "Titled Tuesday Blitz August 08 Late 2023"]
[White "Vaglio Munoz, Jaime"]
[Black "FromTexas54"]
[WhiteFideId "6500145"]
[WhiteElo "2247"]
[BlackElo "2518"]
[Result "0-1"]
[Round "3"]
[TimeControl "180+1"]
[Date "2023.08.08"]
[WhiteClock "0:00:00"]
[BlackClock "0:01:07"]
[Board "126"]

1. Nf3 g6 2. c4 Bg7 3. Nc3 d6 4. g3 Nc6 5. Bg2 e5 6. d3 f5 7. Bg5 Bf6 8. h4 h6 9. Bxf6 Nxf6 10. a3 Be6 11. b4 Qd7 12. b5 Nd8 13. Rc1 c6 14. a4 a5 15. Rb1 O-O 16. O-O f4 17. c5 Bh3 18. cxd6 Bxg2 19. Kxg2 fxg3 20. fxg3 Ng4 21. Qd2 Qxd6 22. Ne4 Qe7 23. Nh2 Rxf1 24. Rxf1 Nxh2 25. Kxh2 Kg7 26. Nf6 cxb5 27. Ng4 Nf7 28. axb5 a4 29. Rxf7+ Qxf7 30. Qxh6+ Kg8 31. Qg5 Qg7 32. Nxe5 Re8 33. d4 a3 34. Qe3 Qe7 35. Qb3+ Kg7 36. e3 Ra8 37. Nxg6 Kxg6 0-1


[Site "https://www.chess.com"]

[Event "Titled Tuesday Blitz August 08 Late 2023"]
[White "brm72"]
[Black "Sarkar, Justin"]
[BlackFideId "2010011"]
[WhiteElo "2518"]
[BlackElo "2236"]
[Result "1-0"]
[Round "3"]
[TimeControl "180+1"]
[Date "2023.08.08"]
[WhiteClock "0:01:26"]
[BlackClock "0:00:00"]
[Board "127"]

1. e4 Nf6 2. e5 Nd5 3. d4 d6 4. f4 Bf5 5. Nf3 e6 6. Bd3 Bxd3 7. Qxd3 Nc6 8. a3 Be7 9. O-O O-O 10. c4 Nb6 11. d5 exd5 12. cxd5 dxe5 13. Rd1 Bc5+ 14. Kh1 Nd4 15. fxe5 Qxd5 16. Nc3 Qd7 17. b4 Nxf3 18. Qxf3 Bd4 19. Be3 Bxc3 20. Rxd7 Nxd7 21. Rd1 Nxe5 22. Qg3 Ng6 23. Bc5 Be5 24. Qf3 Rfd8 25. Rf1 1-0


[Site "https://www.chess.com"]

[Event "Titled Tuesday Blitz August 08 Late 2023"]
[White "Kula, Robert"]
[Black "ATM622"]
[WhiteFideId "1101218"]
[WhiteElo "2232"]
[BlackElo "2517"]
[Result "1-0"]
[Round "3"]
[TimeControl "180+1"]
[Date "2023.08.08"]
[WhiteClock "0:01:11"]
[BlackClock "0:00:00"]
[Board "128"]

1. d4 Nf6 2. c4 e6 3. Nc3 Bb4 4. Qc2 O-O 5. a3 Bxc3+ 6. Qxc3 b6 7. e3 Bb7 8. Nf3 c5 9. Bd3 cxd4 10. exd4 d5 11. c5 Ne4 12. Qc2 bxc5 13. dxc5 Nd7 14. b4 Qc7 15. O-O a5 16. Bb2 f5 17. Nd4 Rf6 18. Nb5 Qc6 19. Bxf6 Ndxf6 20. Nd4 Qe8 21. c6 Bc8 22. b5 e5 23. Nb3 Nd6 24. b6 e4 25. Be2 a4 26. Nd4 Qe5 27. Rfd1 f4 28. b7 Nxb7 29. cxb7 Bxb7 30. Rab1 Bc8 31. Qc6 Rb8 32. Rxb8 Qxb8 33. Rc1 Bg4 34. Bxg4 Nxg4 35. Qc8+ Qxc8 36. Rxc8+ Kf7 37. h3 Ne5 38. Rc7+ Kf6 39. Ra7 Nd3 40. Rxa4 Ke5 41. Ne2 1-0


[Site "https://www.chess.com"]

[Event "Titled Tuesday Blitz August 08 Late 2023"]
[White "De Arruda, Leandro Formes"]
[Black "Domingo Nunez, Alejandro"]
[WhiteFideId "22722009"]
[BlackFideId "22245561"]
[WhiteElo "2222"]
[BlackElo "2515"]
[Result "0-1"]
[Round "3"]
[TimeControl "180+1"]
[Date "2023.08.08"]
[WhiteClock "0:00:07"]
[BlackClock "0:01:34"]
[Board "129"]

1. d4 g6 2. Nf3 Bg7 3. g3 Nf6 4. Bg2 O-O 5. c4 d6 6. Nc3 Nbd7 7. e4 c5 8. d5 a6 9. a4 Rb8 10. O-O b6 11. Bf4 Ne8 12. Re1 Ne5 13. Nxe5 dxe5 14. Be3 Nd6 15. b3 f5 16. exf5 gxf5 17. Rc1 Qe8 18. f4 e4 19. a5 Qd8 20. axb6 Qxb6 21. Na4 Qxb3 22. Nxc5 Qa2 23. Rc2 Qa3 24. Bd4 Rf6 25. Bxf6 Qxc5+ 26. Qd4 Qxd4+ 27. Bxd4 Bxd4+ 28. Kh1 Bc5 29. g4 fxg4 30. Bxe4 Nxe4 31. Rxe4 Bf5 32. Rce2 Rb1+ 33. Kg2 Rg1# 0-1


[Site "https://www.chess.com"]

[Event "Titled Tuesday Blitz August 08 Late 2023"]
[White "Butti, Enrique"]
[Black "Sam, Gabriel"]
[WhiteFideId "3700470"]
[BlackFideId "75000776"]
[WhiteElo "2208"]
[BlackElo "2514"]
[Result "0-1"]
[Round "3"]
[TimeControl "180+1"]
[Date "2023.08.08"]
[WhiteClock "0:00:39"]
[BlackClock "0:00:45"]
[Board "130"]

1. d4 Nf6 2. c4 e6 3. Nf3 Bb4+ 4. Nbd2 O-O 5. a3 Bxd2+ 6. Bxd2 d6 7. e3 Qe7 8. Bc3 b6 9. Bd3 Bb7 10. Qc2 Nbd7 11. O-O e5 12. Bf5 g6 13. Bh3 Rfe8 14. Rae1 a5 15. d5 a4 16. Nd2 Nc5 17. f4 e4 18. f5 g5 19. Re2 Ba6 20. g3 h6 21. Bg2 Kh7 22. Bd4 Bb7 23. Qc3 Ncd7 24. h4 gxh4 25. gxh4 Rg8 26. Kh1 Rg4 27. Bh3 Rxh4 28. Rh2 Rg8 29. Qc2 Rg3 30. Bg2 Ng4 0-1


[Site "https://www.chess.com"]

[Event "Titled Tuesday Blitz August 08 Late 2023"]
[White "Kubicka, Anna"]
[Black "Sabar Ethmane Daouda"]
[WhiteFideId "1152254"]
[BlackFideId "19600097"]
[WhiteElo "2514"]
[BlackElo "2199"]
[Result "0-1"]
[Round "3"]
[TimeControl "180+1"]
[Date "2023.08.08"]
[WhiteClock "0:00:00"]
[BlackClock "0:00:04"]
[Board "131"]

1. e4 c5 2. Ne2 Nc6 3. g3 e5 4. Bg2 d6 5. O-O Nf6 6. Nec3 Nd4 7. d3 b5 8. Bg5 Be7 9. Bxf6 Bxf6 10. Nd5 Be6 11. c3 Bxd5 12. exd5 Nf5 13. Nd2 O-O 14. Ne4 g6 15. Bh3 Bg7 16. Qe2 Ne7 17. f4 Nxd5 18. f5 Rb8 19. Rf2 Bh6 20. Kh1 Ne3 21. f6 c4 22. Rf3 d5 23. Rxe3 Bxe3 24. Qxe3 dxe4 25. dxe4 Qxf6 26. Qxa7 Rbd8 27. Rf1 Qc6 28. Bg2 Rd2 29. Rf2 Rd1+ 30. Rf1 Rxf1+ 31. Bxf1 Qxe4+ 32. Bg2 Qb1+ 33. Qg1 Qxg1+ 34. Kxg1 Rb8 35. Bd5 b4 36. Bxc4 bxc3 37. bxc3 Rb1+ 38. Kg2 Rc1 39. Bb5 Rxc3 40. a4 Ra3 41. Kh3 f5 42. Kh4 e4 43. Kg5 e3 44. Kf4 Kg7 45. Kf3 Kf6 46. h4 h6 47. Ke2 g5 48. Bd3 gxh4 49. gxh4 f4 50. Be4 Ke5 51. Bc6 Ra2+ 52. Kf3 Rf2+ 53. Kg4 e2 54. Bb5 e1=Q 55. Kh5 Qd1+ 56. Kg6 Rh2 0-1


[Site "https://www.chess.com"]

[Event "Titled Tuesday Blitz August 08 Late 2023"]
[White "Sreyas Payyappat"]
[Black "Sailer, Mike"]
[WhiteFideId "46674969"]
[BlackFideId "2012901"]
[WhiteElo "2512"]
[BlackElo "2192"]
[Result "1/2-1/2"]
[Round "3"]
[TimeControl "180+1"]
[Date "2023.08.08"]
[WhiteClock "0:00:15"]
[BlackClock "0:00:15"]
[Board "132"]

1. e4 d5 2. exd5 Qxd5 3. d4 Nc6 4. Nf3 Bg4 5. Be2 O-O-O 6. c4 Qf5 7. Be3 Nf6 8. Nc3 e5 9. d5 e4 10. Nd4 Nxd4 11. Qxd4 b6 12. O-O Bd6 13. c5 Bxc5 14. Ba6+ Kb8 15. Qa4 Rd6 16. Nb5 Bf3 17. gxf3 Qxf3 18. Nxd6 Qg4+ 19. Kh1 Qf3+ 20. Kg1 Qg4+ 21. Kh1 Qf3+ 22. Kg1 1/2-1/2


[Site "https://www.chess.com"]

[Event "Titled Tuesday Blitz August 08 Late 2023"]
[White "Geivondian, Arman"]
[Black "Oliveira, Tiago Batista"]
[WhiteFideId "24102032"]
[BlackFideId "2108291"]
[WhiteElo "2512"]
[BlackElo "2192"]
[Result "1-0"]
[Round "3"]
[TimeControl "180+1"]
[Date "2023.08.08"]
[WhiteClock "0:01:57"]
[BlackClock "0:00:14"]
[Board "133"]

1. e4 e5 2. Nf3 Nc6 3. Bb5 a6 4. Ba4 Nf6 5. O-O Nxe4 6. Re1 Nc5 7. Nxe5 Nxe5 8. Rxe5+ Be7 9. Bb3 Nxb3 10. axb3 O-O 11. Nc3 Bf6 12. Re1 d5 13. d4 Qd6 14. Be3 Bf5 15. Qd2 c6 16. Bf4 Qb4 17. Be5 Bxe5 18. Rxe5 Bg6 19. Rae1 f6 20. R5e2 Rfe8 21. f3 Rxe2 22. Rxe2 Re8 23. Nb1 Qxd2 24. Rxe8+ Bxe8 25. Nxd2 Bg6 26. c3 Kf7 27. b4 Ke6 28. Kf2 h5 29. Ke3 Kf5 30. h4 Be8 31. Nb3 Bd7 32. Nc5 Bc8 33. Nd3 g5 34. g3 b6 35. Nf2 Bd7 36. g4+ Kg6 37. gxh5+ Kxh5 38. hxg5 fxg5 39. Nd3 g4 40. fxg4+ Kxg4 41. Ne5+ 1-0


[Site "https://www.chess.com"]

[Event "Titled Tuesday Blitz August 08 Late 2023"]
[White "Kozusek, Daniel"]
[Black "Novikova, Margarita"]
[WhiteFideId "349500"]
[BlackFideId "14109689"]
[WhiteElo "2512"]
[BlackElo "2145"]
[Result "1-0"]
[Round "3"]
[TimeControl "180+1"]
[Date "2023.08.08"]
[WhiteClock "0:01:44"]
[BlackClock "0:00:26"]
[Board "134"]

1. d4 d5 2. c4 e6 3. Nf3 Nf6 4. g3 c6 5. Bg2 dxc4 6. O-O Nbd7 7. Nc3 b5 8. e4 b4 9. e5 Nd5 10. Ne4 N7b6 11. Bg5 Qc7 12. Rc1 h6 13. Be3 Be7 14. Nfd2 Ba6 15. Qg4 g6 16. Rfd1 h5 17. Qf3 Bb5 18. Bf1 Nxe3 19. fxe3 c3 20. Bxb5 cxd2 21. Rxc6 Qd7 22. Rxb6 axb6 23. Nf6+ Bxf6 24. Qxa8+ Bd8 25. Bxd7+ Kxd7 26. Rxd2 h4 27. d5 1-0


[Site "https://www.chess.com"]

[Event "Titled Tuesday Blitz August 08 Late 2023"]
[White "laskakid"]
[Black "Mickiewicz, Piotr"]
[BlackFideId "1114891"]
[WhiteElo "2060"]
[BlackElo "2510"]
[Result "1-0"]
[Round "3"]
[TimeControl "180+1"]
[Date "2023.08.08"]
[WhiteClock "0:00:04"]
[BlackClock "0:00:12"]
[Board "135"]

1. e4 e5 2. Nf3 Nc6 3. Bc4 Bc5 4. d3 Nf6 5. c3 a6 6. O-O d6 7. a4 O-O 8. h3 h6 9. Re1 Ba7 10. Nbd2 Nh5 11. Nf1 Qf6 12. N1h2 Nf4 13. Be3 h5 14. Qd2 Bd7 15. Bxf4 exf4 16. d4 Rae8 17. b4 Ne7 18. b5 a5 19. e5 Qh6 20. Re2 d5 21. Bd3 Bf5 22. h4 Qg6 23. Bxf5 Qxf5 24. Rae1 Ng6 25. g3 fxg3 26. fxg3 Qh3 27. Qg5 Ne7 28. Nf1 Qf5 29. Qd2 Ng6 30. Ng5 Qg4 31. Rf2 f6 32. exf6 gxf6 33. Rxe8 Rxe8 34. Rxf6 Ne5 35. Rf4 Qd7 36. Ne3 Ng6 37. Rf6 Qg7 38. Rf7 Qh6 39. Rh7 Qxh7 40. Nxh7 Kxh7 41. Nf5 Rf8 42. Qh6+ Kg8 43. Qg7# 1-0


[Site "https://www.chess.com"]

[Event "Titled Tuesday Blitz August 08 Late 2023"]
[White "Tharushi, T H D Niklesha"]
[Black "Chor, Kevin"]
[WhiteFideId "9918264"]
[BlackFideId "2090740"]
[WhiteElo "2109"]
[BlackElo "2509"]
[Result "0-1"]
[Round "3"]
[TimeControl "180+1"]
[Date "2023.08.08"]
[WhiteClock "0:00:18"]
[BlackClock "0:00:12"]
[Board "136"]

1. e4 c5 2. Nf3 Nc6 3. d4 cxd4 4. Nxd4 g6 5. c4 Bg7 6. Be3 Nf6 7. Nc3 O-O 8. Be2 d6 9. f3 Bd7 10. Qd2 Nxd4 11. Bxd4 a5 12. b3 Bc6 13. a4 Nd7 14. O-O Nc5 15. Rab1 Qc7 16. Rfd1 Qb6 17. Kh1 Nxb3 18. Rxb3 Qxb3 19. Rb1 Qa3 20. Bd1 Bxd4 21. Qxd4 Qc5 22. Qd3 Rfd8 23. Be2 h5 24. Nd5 Bxd5 25. exd5 b6 26. Rb5 Qf2 27. h3 Rac8 28. Qe4 Rc7 29. Kh2 h4 30. Rb2 Qg3+ 31. Kh1 Qf2 32. Rb1 Re8 33. Rf1 Qg3 34. Bd3 e6 35. dxe6 Rxe6 36. Qa8+ Kg7 37. Qd5 Re1 38. Qd4+ Qe5 39. Qxh4 Rxf1+ 40. Bxf1 Qa1 41. Qf2 Rxc4 42. Kh2 Qe5+ 43. g3 Rb4 44. Bd3 Rb2 45. Kg2 Rxf2+ 46. Kxf2 Qd4+ 47. Ke2 Qxa4 48. Be4 Qc4+ 49. Bd3 Qc3 50. Ke3 a4 51. Ke4 Qe5# 0-1


[Site "https://www.chess.com"]

[Event "Titled Tuesday Blitz August 08 Late 2023"]
[White "Willy, Stephen"]
[Black "Gyulamiryan-koryun"]
[WhiteFideId "30981468"]
[WhiteElo "2509"]
[BlackElo "2059"]
[Result "1-0"]
[Round "3"]
[TimeControl "180+1"]
[Date "2023.08.08"]
[WhiteClock "0:02:34"]
[BlackClock "0:01:52"]
[Board "137"]

1. e4 e5 2. f4 exf4 3. Nf3 d6 4. Bc4 h6 5. h4 Be7 6. d4 g5 7. hxg5 Bg4 8. Bxf4 Bxf3 9. Qxf3 Rh7 10. g6 Rg7 11. gxf7+ Kd7 12. Qh3+ Kc6 13. Bd5+ Kb6 14. Qb3+ Ka6 15. Bc4+ b5 16. Qxb5# 1-0


[Site "https://www.chess.com"]

[Event "Titled Tuesday Blitz August 08 Late 2023"]
[White "Djordjevic, Dejan N"]
[Black "Grinev, Valeriy"]
[WhiteFideId "913316"]
[BlackFideId "14117517"]
[WhiteElo "2041"]
[BlackElo "2508"]
[Result "0-1"]
[Round "3"]
[TimeControl "180+1"]
[Date "2023.08.08"]
[WhiteClock "0:00:00"]
[BlackClock "0:00:38"]
[Board "138"]

1. e4 c5 2. Nc3 Nc6 3. g3 Nf6 4. Bg2 e6 5. Nge2 d5 6. exd5 exd5 7. d4 cxd4 8. Nxd4 Bc5 9. Be3 Qb6 10. Nce2 O-O 11. h3 Re8 12. O-O a5 13. Rb1 Bd7 14. c3 Rad8 15. Re1 h6 16. b3 Ne5 17. Qc2 Rc8 18. Red1 Nc6 19. Qb2 Ne4 20. Rbc1 Ne5 21. a3 Nc4 22. Qa2 Nxe3 23. fxe3 Nxg3 24. Nxg3 Rxe3 25. Nf1 Rxc3 26. Kh1 Bxd4 27. Rxc3 Rxc3 28. Qd2 Bf6 29. b4 Bxh3 30. Qxd5 Bxg2+ 31. Qxg2 axb4 32. axb4 Qxb4 33. Nh2 Qh4 34. Rf1 Be5 0-1


[Site "https://www.chess.com"]

[Event "Titled Tuesday Blitz August 08 Late 2023"]
[White "Toncheva, Nadya"]
[Black "Burke, Paul"]
[WhiteFideId "2924056"]
[BlackFideId "2605767"]
[WhiteElo "2505"]
[BlackElo "1867"]
[Result "1-0"]
[Round "3"]
[TimeControl "180+1"]
[Date "2023.08.08"]
[WhiteClock "0:02:00"]
[BlackClock "0:02:08"]
[Board "139"]

1. e4 a6 2. d4 d6 3. c4 g6 4. Nc3 h6 5. Be3 Bg7 6. Bd3 Nd7 7. Nge2 e5 8. d5 Ne7 9. f3 O-O 10. Qd2 Kh7 11. Bc2 f5 12. O-O-O f4 13. Bf2 Nf6 14. Kb1 Bd7 15. g3 g5 16. h4 gxh4 17. gxf4 exf4 18. e5+ 1-0


[Site "https://www.chess.com"]

[Event "Titled Tuesday Blitz August 08 Late 2023"]
[White "Upper, John"]
[Black "Seemann, Jakub"]
[WhiteFideId "2606437"]
[BlackFideId "21874697"]
[WhiteElo "1956"]
[BlackElo "2653"]
[Result "0-1"]
[Round "3"]
[TimeControl "180+1"]
[Date "2023.08.08"]
[WhiteClock "0:00:00"]
[BlackClock "0:02:17"]
[Board "140"]

1. b3 Nf6 2. Bb2 e6 3. e3 d5 4. f4 Be7 5. Nf3 O-O 6. Be2 b6 7. O-O Bb7 8. d3 Nbd7 9. Nbd2 c5 10. h3 Rc8 11. Qe1 Ne8 12. e4 d4 13. a4 Nd6 14. Kh2 a6 15. g4 f5 16. gxf5 exf5 17. e5 Ne8 18. Rg1 Nc7 19. Qg3 Ne6 20. Nc4 Rf7 21. h4 Ndf8 22. h5 b5 23. axb5 axb5 24. Nd6 Bxd6 25. exd6 Qxd6 26. Ne5 Rfc7 27. Ra7 Bd5 28. Ra5 Re8 29. Bf3 Nxf4 30. Qxf4 Rxe5 31. Bxd5+ Qxd5 32. Rxb5 Re2+ 33. Kh3 Rce7 34. Bc1 Rxc2 35. Rb8 Rc3 36. Rg5 Rxd3+ 37. Kh2 Re2+ 38. Kg1 Rd1+ 0-1


[Site "https://www.chess.com"]

[Event "Titled Tuesday Blitz August 08 Late 2023"]
[White "Smiechu"]
[Black "Manukyan, Sargis A."]
[BlackFideId "13303970"]
[WhiteElo "2354"]
[BlackElo "2575"]
[Result "0-1"]
[Round "3"]
[TimeControl "180+1"]
[Date "2023.08.08"]
[WhiteClock "0:00:00"]
[BlackClock "0:00:21"]
[Board "141"]

1. e4 c5 2. Nf3 d6 3. d4 cxd4 4. Nxd4 Nf6 5. Nc3 g6 6. Be3 Bg7 7. f3 O-O 8. Qd2 Nc6 9. Bc4 Bd7 10. h4 Rc8 11. Bb3 Nxd4 12. Bxd4 b5 13. h5 a5 14. hxg6 hxg6 15. Nd5 a4 16. Nxf6+ exf6 17. Bd5 Be6 18. O-O-O Bxd5 19. exd5 Re8 20. Rde1 Qc7 21. Rxe8+ Rxe8 22. g4 Rc8 23. Bc3 Qc4 24. Kb1 a3 25. Qd4 Qc7 26. g5 axb2 27. Bxb2 Qxc2+ 28. Ka1 Rc4 29. Qb6 Rc8 30. gxf6 Bh6 31. Qg1 Bf4 32. Qd1 Qc4 33. Qb1 Ra8 34. Re1 Be5 35. Re4 Bxb2+ 0-1


[Site "https://www.chess.com"]

[Event "Titled Tuesday Blitz August 08 Late 2023"]
[White "Topalov, Aleksandar"]
[Black "D`Arruda, Ricardo D."]
[WhiteFideId "925659"]
[BlackFideId "100692"]
[WhiteElo "2370"]
[BlackElo "2500"]
[Result "0-1"]
[Round "3"]
[TimeControl "180+1"]
[Date "2023.08.08"]
[WhiteClock "0:00:11"]
[BlackClock "0:01:42"]
[Board "142"]

1. b3 e5 2. Bb2 Nc6 3. c4 Nf6 4. e3 d6 5. Nf3 Be7 6. d4 e4 7. d5 exf3 8. dxc6 bxc6 9. gxf3 O-O 10. Rg1 Kh8 11. Qd4 Bf5 12. Nd2 a5 13. Be2 a4 14. e4 Bg6 15. f4 c5 16. Qe3 Re8 17. f5 Bh5 18. Bxh5 Nxh5 19. Qh6 Bf6 20. Qxh5 Bxb2 21. Rb1 Bc3 22. Qg4 Qf6 23. Ke2 Bxd2 24. Kxd2 axb3 25. axb3 Ra2+ 0-1


[Site "https://www.chess.com"]

[Event "Titled Tuesday Blitz August 08 Late 2023"]
[White "Lopez Gracia, Fernando"]
[Black "Dias, Paulo"]
[WhiteFideId "2207184"]
[BlackFideId "1900803"]
[WhiteElo "2328"]
[BlackElo "2451"]
[Result "1-0"]
[Round "3"]
[TimeControl "180+1"]
[Date "2023.08.08"]
[WhiteClock "0:00:10"]
[BlackClock "0:00:00"]
[Board "143"]

1. e4 c5 2. Nf3 d6 3. d4 cxd4 4. Nxd4 Nf6 5. Nc3 g6 6. f3 Bg7 7. Be3 O-O 8. Qd2 Nc6 9. O-O-O d5 10. Nxc6 bxc6 11. exd5 Nxd5 12. Nxd5 cxd5 13. Qxd5 Qc7 14. Qc5 Qb7 15. Bd4 Bh6+ 16. Be3 Bg7 17. Bd4 e5 18. Bxe5 Bh6+ 19. Kb1 Be6 20. Qb5 Qc8 21. h4 a6 22. Qb6 Re8 23. Qd4 Qc6 24. h5 g5 25. f4 gxf4 26. Bxf4 Bg7 27. Qf2 Rad8 28. Bd3 h6 29. Qg3 Kh8 30. Rhe1 Qd5 31. c4 Qd4 32. Re2 Bxc4 33. Rxe8+ Rxe8 34. Rd2 Re1+ 35. Qxe1 Bxd3+ 36. Ka1 a5 37. Be3 1-0


[Site "https://www.chess.com"]

[Event "Titled Tuesday Blitz August 08 Late 2023"]
[White "Castro Silva, Moises Antonio"]
[Black "Doluhanova, Evgeniya"]
[WhiteFideId "3909794"]
[BlackFideId "14112035"]
[WhiteElo "2443"]
[BlackElo "2329"]
[Result "1-0"]
[Round "3"]
[TimeControl "180+1"]
[Date "2023.08.08"]
[WhiteClock "0:02:28"]
[BlackClock "0:02:06"]
[Board "144"]

1. e4 c5 2. Nf3 d6 3. d4 cxd4 4. Nxd4 Nf6 5. Nc3 a6 6. Bg5 Nbd7 7. f4 e6 8. Qf3 Qb6 9. O-O-O h6 10. Bh4 Be7 11. Be2 g5 12. fxg5 Ne5 13. Qe3 hxg5 14. Bxg5 Nfg4 15. Bxg4 Nxg4 16. Qd2 Bxg5 17. Qxg5 Nf2 18. Qf6 Nxd1 19. Qxh8+ Ke7 20. Rxd1 e5 21. Nd5+ 1-0


[Site "https://www.chess.com"]

[Event "Titled Tuesday Blitz August 08 Late 2023"]
[White "Ramadoss, Ashokkumar"]
[Black "Baches Garcia, Guillermo"]
[WhiteFideId "5040990"]
[BlackFideId "2209764"]
[WhiteElo "2297"]
[BlackElo "2438"]
[Result "0-1"]
[Round "3"]
[TimeControl "180+1"]
[Date "2023.08.08"]
[WhiteClock "0:00:00"]
[BlackClock "0:00:05"]
[Board "145"]

1. Nf3 Nf6 2. c4 e6 3. d4 d5 4. Nc3 h6 5. cxd5 exd5 6. Bf4 Bd6 7. Bg3 Bxg3 8. hxg3 O-O 9. e3 c6 10. Bd3 Qe7 11. Qc2 Re8 12. O-O Ne4 13. Rab1 Bf5 14. b4 a6 15. Rfc1 Nd7 16. Na4 Qf6 17. Nc5 Rab8 18. a4 Qe7 19. Nxd7 Bxd7 20. Ne5 Nd6 21. Qc5 b6 22. Qc2 b5 23. Nxc6 Bxc6 24. Qxc6 bxa4 25. Qxd5 Nb5 26. Qa2 a3 27. Bxb5 Rxb5 28. Qxa3 a5 29. Qa4 Reb8 30. Rc5 Rxb4 31. Rxb4 axb4 32. Qb3 Qa7 33. Rc1 Qa5 34. Rb1 Qb5 35. Rb2 g6 36. Rc2 Kg7 37. Rc7 Qf5 38. Rc4 Qb5 39. Rc5 Qb7 40. d5 h5 41. d6 Qd7 42. Rc7 Qxd6 43. Qxf7+ Kh6 44. Qg7+ Kg5 45. Rc4 b3 46. g4 hxg4 47. f4+ gxf3 48. Kf2 fxg2 49. Rf4 b2 50. Rf3 g1=Q+ 51. Kxg1 b1=Q+ 52. Kf2 Rb2+ 0-1


[Site "https://www.chess.com"]